 Dungeon Crawl Stone Soup version 0.28-a0-206-gc2c9e32840 (webtiles) character file.

Game seed: 7457395165447310032

16 Spaninq the Charlatan (level 2, -1/24 HPs)
             Began as a Draconian Artificer on Aug 20, 2021.
             Slain by a hobgoblin (3 damage)
             ... on level 1 of the Dungeon.
             The game lasted 00:01:45 (735 turns).

Spaninq the Charlatan (Draconian Artificer)          Turns: 735, Time: 00:01:45

Health: -1/24      AC:  4    Str: 14    XL:     2   Next: 41%
Magic:  2/2        EV: 12    Int: 11    God:
Gold:   19         SH:  0    Dex: 11    Spells: 1/1 levels left

rFire   . . .      SeeInvis .   a - +0 club
rCold   . . .      Faith    .   (no shield)
rNeg    . . .      Spirit   .   (armour unavailable)
rPois   .          Reflect  .   (helmet restricted)
rElec   .          Harm     .   (no cloak)
rCorr   .          Rampage  .   (no gloves)
Will    .....                   (no boots)
Stlth   +.........              (no amulet)
HPRegen 0.08/turn               (no ring)
MPRegen 0.08/turn               (no ring)

@: no status effects
A: AC +4, unfitting armour, cold-blooded
a: no special abilities


You were on level 1 of the Dungeon.
You visited 1 branch of the dungeon, and saw 1 of its levels.

You collected 19 gold pieces.

Inventory:

Hand Weapons
 a - a +0 club (weapon)
Wands
 b - a wand of flame (15) (quivered)
 c - a wand of charming (15)
Miscellaneous
 d - a piece from Xom's chessboard (15/15)


   Skills:
 + Level 2.1 Fighting
 + Level 2.6 Dodging
 - Level 0.8 Stealth
 - Level 3.0 Evocations


You had one spell level left.
You didn't know any spells.
Your spell library was empty.

Dungeon Overview and Level Annotations

Branches:
Dungeon (1/15)

Altars:


Innate Abilities, Weirdness & Mutations

Your plain brown scales are hard. (AC +4)
You cannot fit into any form of body armour.
You are cold-blooded and may be slowed by cold attacks.


Message History

You closely miss the quokka.
You tail-slap the quokka, but do no damage.
The quokka bites you. The quokka barely misses you.
The hobgoblin closely misses you. The hobgoblin closely misses you.
Found a faded altar of an unknown god.
The hobgoblin hits you. The quokka closely misses you.
The hobgoblin hits you but does no damage.
The quokka closely misses you. The quokka bites you.
* * * LOW HITPOINT WARNING * * *
The hobgoblin hits you.
* * * LOW HITPOINT WARNING * * *
The hobgoblin enters a dispersal trap!
The quokka blinks! x4; You blink.
The hobgoblin blinks!
The hobgoblin hits you.
* * * LOW HITPOINT WARNING * * *
Things that are here:
a jackal corpse; a jackal corpse; a jackal corpse
There is an empty arch of ancient stone here.
Found 11 gold pieces.
There is an empty arch of ancient stone here.
You see here 11 gold pieces.
A bat comes into view.
A hobgoblin comes into view.
The bat hits you but does no damage. The bat closely misses you.
The bat closely misses you. The bat hits you but does no damage.
The hobgoblin closely misses you.
Found a stone staircase leading down.
You barely miss the hobgoblin. The bat barely misses you.
The hobgoblin hits you but does no damage.
The hobgoblin misses you.
You hit the hobgoblin.
The hobgoblin is severely wounded.
The hobgoblin barely misses you. x2; The hobgoblin completely misses you.
You closely miss the hobgoblin.
The hobgoblin is severely wounded.
The hobgoblin hits you.
You die...

..............##
∩..∩.....∩.....#
...............#
...............#
∩.....8..∩..♣..######
.....)...............
...........$...### #####
∩..♣..∩.....∩..g.#..>...
...............#@g......
...............###......
..♣..8..♣..∩### .....
###.####.## .... #. ....
... # ###.. .. ....
.#.###.#.. ..........
..# .. #.###.#.#


You could see 2 hobgoblins.

Vanquished Creatures
  2 bats (D:1)
  An endoplasm (D:1)
  A hobgoblin (D:1)
  4 jackals (D:1)
  A quokka (D:1)
  A frilled lizard (D:1)
  2 kobolds (D:1)
  3 rats (D:1)
15 creatures vanquished.

Notes
Turn   | Place    | Note
-------+----------+-------------------------------------------
     0 | D:1      | Spaninq the Draconian Artificer began the quest for the
                  | Orb.
     0 | D:1      | Reached XP level 1. HP: 16/16 MP: 1/1
   470 | D:1      | Reached XP level 2. HP: 19/24 MP: 2/2
   700 | D:1      | Found a faded altar of an unknown god.
   714 | D:1      | HP: 1/24 [hobgoblin (2)]
   735 | D:1      | Slain by a hobgoblin

Illustrated notes

Levels and vault maps discovered:
D:1:      dpeg_arrival_boxorama, layout_rooms,
          hellmonk_ecumenical_altar_arch_garden, minmay_surrounded

Skill      XL: |  1  2 |
---------------+-------+-----
Fighting       | 2 |  2.1
Dodging        | |  2.6
Stealth        | |  0.8
Evocations     | |  3.0

Action                   || total
-------------------------++-------
Melee: Club              ||    81
       Tailslap          ||     7
 Stab: Sleeping          ||     1
Armor: Skin              ||    31
Dodge: Dodged            ||    93

Table legend: (Time is in decaauts)
 A = Elapsed time spent in this place.
 B = Non-inter-level travel time spent in this place.
 C = Inter-level travel time spent in this place.
 D = Time resting spent in this place.
 E = Time spent auto-exploring this place.
 F = Levels seen in this place.
 G = Mean time per level.
                   A        B        C        D        E       F      G
               +--------+--------+--------+--------+--------+-----+--------+
         Total |    759 |    759 |      0 |    216 |    331 |   1 |  759.0 |
       Dungeon |    759 |    759 |      0 |    216 |    331 |   1 |  759.0 |
               +--------+--------+--------+--------+--------+-----+--------+

Top non-repeatable levels by time:
     D:1: 759 daAuts
